 Dungeon Sprint DCSS version 0.26-a0-631-ged93497179 (webtiles) character file.

Game seed: 15014379917009523032

27008 Conn the Eclecticist (level 13, -9/94 HPs)
             Began as an Octopode Hedge Wizard on Sept 13, 2020.
             Was the Champion of Sif Muna.
             Killed from afar by Lom Lobon (62 damage)
             ... with a great icy blast
             ... in the Dungeon (Sprint I: "Red Sonja").
             The game lasted 01:12:15 (8566 turns).

Conn the Eclecticist (Octopode Hedge Wizard)        Turns: 8566, Time: 01:12:24

Health: -9/94      AC:  4    Str: 14    XL:     13   Next: 29%
Magic:  2/36       EV: 17    Int: 22    God:    Sif Muna [******]
Gold:   1317       SH:  5    Dex: 14    Spells: 6/50 levels left

rFire    + . .     SeeInvis +   k - +6 spear of Amortisation {drain, +Rage Str+4 Int+4}
rCold    + . .     Faith    .   (no shield)
rNeg     . . .     Spirit   .   l - +1 hat
rPois    +         Reflect  +   m - amulet of reflection
rElec    +         Harm     .   n - ring of poison resistance
rCorr    .         Rampage  .   o - ring of wizardry
MR       .....     NoTele   +   (no ring)
Stlth    ++++++....             f - ring of see invisible
HPRegen  0.25/turn              v - ring of protection from cold
MPRegen  0.25/turn              g - ring of protection from fire
                                (no ring)
                                (no ring)

@: no status effects
A: almost no armour, stealthy swim, amphibious, 8 rings, constrict 8, yellow
scales 1, camouflage 1, agile 1, dopey 1, electricity resistance, gelatinous
body 1
a: Channel Magic, Forget Spell, Divine Exegesis, Renounce Religion, Evoke
Berserk Rage


You were in the Dungeon.
You worshipped Sif Muna.
Sif Muna was exalted by your worship.
You visited 1 branch You collected 2980 gold pieces.
You spent 1663 gold pieces at shops.

Inventory:

Hand Weapons
 a - a +0 dagger
 h - a +1 dagger of distortion
 k - the +6 spear of Amortisation (weapon) {drain, +Rage Str+4 Int+4}
   (You found it in the Dungeon)

   A truly terrible weapon, it drains the life of those it strikes.
   It affects your strength (+4).
   It affects your intelligence (+4).
   It lets you go berserk.
 s - a +4 arbalest of flaming
Missiles
 i - 4 curare-tipped darts (quivered)
Armour
 b - a +0 hat
 l - a +1 hat (worn)
Magical Staves
 r - an uncursed staff of earth
Jewellery
 f - a ring of see invisible (on tentacle)
 g - a ring of protection from fire (on tentacle)
 m - an amulet of reflection (around mantle)
 n - a ring of poison resistance (left tentacle)
 o - a ring of wizardry (right tentacle)
 t - an uncursed ring of fire
 v - a ring of protection from cold (on tentacle)
Wands
 e - a wand of iceblast (5)
Scrolls
 c - 2 scrolls of blinking
 j - 2 scrolls of identify
 p - a scroll of fog
Potions
 d - 3 potions of curing
 q - a potion of heal wounds
Miscellaneous
 u - a lightning rod (4/4)


   Skills:
 + Level 10.9 Fighting
 + Level 4.3 Short Blades
 - Level 4.4 Polearms
 + Level 2.1 Throwing
 + Level 6.5 Dodging
 - Level 10.7 Stealth
 * Level 19.0 Spellcasting
 + Level 13.9 Conjurations
 + Level 4.7 Hexes
 - Level 8.0 Summonings
 + Level 5.5 Translocations
 * Level 12.3 Fire Magic
 - Level 4.0 Air Magic
 - Level 4.8 Poison Magic


You had 6 spell levels left.
You knew the following spells:

 Your Spells              Type           Power        Failure   Level
a - Magic Dart            Conj           ####         0%          1
b - Blink                 Tloc           N/A          1%          2
c - Call Imp              Summ           ######..     1%          2
d - Conjure Flame         Conj/Fire      ######..     1%          3
e - Mephitic Cloud        Conj/Pois/Air  ######..     1%          3
f - Slow                  Hex            #####...     1%          2
g - Airstrike             Air            #####.....   1%          4
h - Orb of Destruction    Conj           ######....   2%          7
i - Lightning Bolt        Conj/Air       ######....   1%          5
j - Fireball              Conj/Fire      ######....   1%          5
k - Spellforged Servitor  Conj/Summ      ######....   9%          7
l - Summon Guardian Gole  Hex/Summ       #####...     1%          3

Your spell library contained the following spells:

 Spells                   Type           Power        Failure   Level
 Foxfire                  Conj/Fire      ####         0%          1
 Pain                     Necr           ###.         1%          1
 Shock                    Conj/Air       ####         1%          1
 Poisonous Vapours        Pois/Air       #####.       1%          2
 Call Canine Familiar     Summ           ######..     1%          3
 Confusing Touch          Hex            #####...     1%          3
 Ignite Poison            Fire/Tmut/Pois #####...     1%          3
 Inner Flame              Hex/Fire       ######..     1%          3
 Static Discharge         Conj/Air       ######..     1%          3
 Tukima's Dance           Hex            #####...     1%          3
 Fulminant Prism          Conj/Hex       ######....   1%          4
 Sticky Flame             Conj/Fire      ######..     1%          4
 Summon Lightning Spire   Summ/Air       #####...     1%          4
 Bolt of Magma            Conj/Fire/Erth ######....   1%          5
 Starburst                Conj/Fire      ######....   1%          6
 Vampiric Draining        Necr           ###.......   2%          3
 Silence                  Hex/Air        #####.....   4%          5
 Dispel Undead            Necr           ###.....     10%         4
 Yara's Violent Unravell  Hex/Tmut       ####......   11%         5
 Freezing Cloud           Conj/Ice/Air   #####.....   12%         6
 Hydra Form               Tmut           ###.......   78%         6
 Summon Greater Demon     Summ           ######....   28%         7
 Summon Hydra             Summ           ######....   28%         7
 Ignition                 Fire           ######....   36%         8
 Fire Storm               Conj/Fire      ######....   98%         9
 Discord                  Hex            #####.....   100%        8
 Infestation              Necr           ###.......   100%        8
 Death's Door             Necr           ###.......   100%        9


Dungeon Overview and Level Annotations

Branches:
Dungeon (1/1)

Altars:
Cheibriados
Dithmenos
Elyvilon
Fedhas
Gozag
Hepliaklqana
Kikubaaqudgha
Makhleb
Nemelex Xobeh
Okawaru
Qazlal
Ru
Sif Muna
Trog
Uskayaw
Vehumet
Wu Jian
Xom
Yredelemnul
Zin
The Shining One
Jiyva
Lugonu

Shops:
D *:=(=!(*(=:(*:(?[!?[=

Annotations:
D Lom Lobon, Tiamat


Innate Abilities, Weirdness & Mutations

You cannot wear most types of armour.
You are very stealthy in the water. (Stealth+)
You are amphibious.
You can wear up to eight rings at the same time.
You can use your tentacles to constrict eight enemies at once.
Your skin changes colour to match your surroundings (Stealth+).
Your rubbery body absorbs attacks. (AC +1, EV +1)
You are partially covered in yellow scales. (AC +2)
You are agile. (Dex +2)
You are dopey. (Int -2)
You are resistant to electric shocks. (rElec)


Message History

Aiming: Orb of Destruction (dangerous; 2% risk of failure)
Press: ? - help, Shift-Dir - straight line, f/p - Lom Lobon
Aim: Lom Lobon (moderately wounded) Lom Lobon blinks!
Your spellforged servitor conjures an orb of pure magic.
The orb fizzles.
Unknown command.
Casting: Orb of Destruction (dangerous; 2% risk of failure)
Confirm with . or Enter, or press ? or * to list all spells.
You blink.
You are engulfed in freezing vapours.
You resist.
Your spellforged servitor hums quietly as it recharges.
Your orb of destruction hits a stone wall.
Lom Lobon gestures at you.
Lom Lobon conjures a mighty blast of ice!
The great icy blast engulfs your spellforged servitor!!
Your spellforged servitor partially resists.
Your spellforged servitor is flash-frozen.
The great icy blast engulfs you!!! You partially resist.
Ouch! That really hurt!
You die...

.§'.§#.^°°.#...###§.###.#§§)###
.§#..#§..^&'.....##§#)#.#§§≈§)#
####'###...#^.°..#..###.#§)≈§##
§###.'.#°°.###''##.##...#§&≈##
##.###§#○.###..###..#'###§§§#
.))∩##.#○°####..###...#.§§§##
######.##°#..#§§#.###.#§§§§#
....##.##.#.&☼8§§○..#.###§§#
.....§§####§☼§§°@...#.# §§§#
######§#.('..○§§.####)#○##§#
...†.#§#####..§###)...# ≈≈≈
.§§.#'§#[.)#####)).#### ≈≈
.§.≈####.........###
§.≈≈##..)....#####
≈≈≈###[.....## ≈### #(....##
#'####.....#


You could see Lom Lobon and a friendly spellforged servitor (summoned, frozen).

Vanquished Creatures
  the Lernaean hydra (D)
  A daeva (D)
  A fire giant (D)
  A lorocyproca (D)
  A deep elf annihilator (D)
  A mummy priest (D)
  A hydra (D)
  2 centaur warriors (D)
  Sonja (D)
  A deep troll (D)
  6 unseen horrors (D)
  A lindwurm (D)
  2 oklob plants (D)
  5 shining eyes (D)
  2 merfolk sirens (D)
  A kobold demonologist (D)
  4 demonic crawlers (D)
  A hellwing (D)
  A meliai (D)
  A slime creature (D)
  3 hornets (D)
  2 redbacks (D)
  13 hogs (D)
  A yak (D)
  5 floating eyes (D)
  An ogre (D)
  7 necrophages (D)
  8 jellies (D)
  Ijyb (D)
  2 ballistomycete spores (D)
78 creatures vanquished.

Vanquished Creatures (collateral kills)
  3 fire giants (D)
  3 shining eyes (D)
  A kobold demonologist (D)
  Sigmund (D)
  2 floating eyes (D)
10 creatures vanquished.

Vanquished Creatures (others)
  An unseen horror (D)
  2 gargoyles (D)
  2 hornets (D)
  A ball lightning (D)
  6 fulminant prisms (D)
12 creatures vanquished.

Grand Total: 100 creatures vanquished

Notes
Turn   | Place    | Note
-------+----------+-------------------------------------------
     0 | D        | Conn the Octopode Hedge Wizard began the quest for the Orb.
     0 | D        | Reached XP level 1. HP: 11/11 MP: 4/4
     1 | D        | Noticed Ijyb
    12 | D        | Killed Ijyb
    12 | D        | Reached skill level 5 in Spellcasting
    12 | D        | Reached XP level 2. HP: 7/17 MP: 5/8
    12 | D        | Reached XP level 3. HP: 9/21 MP: 5/9
    14 | D        | Noticed an ogre
    27 | D        | Killed an ogre
    27 | D        | Reached skill level 1 in Short Blades
    27 | D        | Reached skill level 5 in Stealth
    27 | D        | Reached skill level 7 in Spellcasting
    27 | D        | Reached XP level 4. HP: 9/27 MP: 0/13
   214 | D        | Learned a level 2 spell: Blink
   217 | D        | Learned a level 2 spell: Call Imp
   221 | D        | Learned a level 3 spell: Conjure Flame
   225 | D        | Learned a level 3 spell: Mephitic Cloud
   225 | D        | Noticed Sigmund
   236 | D        | Killed Sigmund
   236 | D        | Reached skill level 8 in Spellcasting
   236 | D        | Reached XP level 5. HP: 24/34 MP: 3/15
   236 | D        | Reached XP level 6. HP: 27/39 MP: 3/17
   250 | D        | Found an ornate altar of the Wu Jian Council.
   250 | D        | Found a shimmering blue altar of Sif Muna.
   252 | D        | Found a radiant altar of Vehumet.
   268 | D        | Became a worshipper of Sif Muna the Loreminder
   350 | D        | Found Novoxtilo's Weapon Emporium.
   350 | D        | Found an ancient bone altar of Kikubaaqudgha.
   350 | D        | Found a hazy altar of Hepliaklqana.
   350 | D        | Found a stormy altar of Qazlal.
   350 | D        | Found a hide-covered altar of Uskayaw.
   350 | D        | Found a blossoming altar of Fedhas.
   350 | D        | Found a bloodstained altar of Trog.
   350 | D        | Found an iron altar of Okawaru.
   350 | D        | Found a basalt altar of Yredelemnul.
   350 | D        | Found a glowing golden altar of the Shining One.
   350 | D        | Found a snail-covered altar of Cheibriados.
   350 | D        | Found a sacrificial altar of Ru.
   350 | D        | Found a glowing silver altar of Zin.
   350 | D        | Found a shadowy altar of Dithmenos.
   350 | D        | Found a white marble altar of Elyvilon.
   350 | D        | Noticed a yak
   361 | D        | Found an opulent altar of Gozag.
   368 | D        | Killed a yak
   368 | D        | Reached skill level 9 in Spellcasting
   372 | D        | Found a sparkling altar of Nemelex Xobeh.
   623 | D        | Found a burning altar of Makhleb.
   623 | D        | Found a viscous altar of Jiyva.
   623 | D        | Found a shimmering altar of Xom.
   623 | D        | Found a corrupted altar of Lugonu.
   623 | D        | Noticed a slime creature
   635 | D        | Killed a slime creature
   635 | D        | Reached XP level 7. HP: 36/48 MP: 13/19
   741 | D        | Noticed Sonja
   750 | D        | Killed Sonja
   750 | D        | Reached * piety under Sif Muna
   750 | D        | Reached skill level 5 in Fighting
   750 | D        | Reached skill level 5 in Dodging
   750 | D        | Reached skill level 10 in Spellcasting
   750 | D        | Reached skill level 5 in Conjurations
   750 | D        | Reached skill level 5 in Fire Magic
   750 | D        | Reached XP level 8. HP: 56/56 MP: 9/22
   821 | D        | Killed a gargoyle
   858 | D        | Got a dazzling spear
   859 | D        | Identified the +6 spear of Amortisation {drain, +Rage Str+4
                  | Int+4} (You found it in the Dungeon)
   861 | D        | Gained mutation: You are dopey. (Int -2) [mutagenic glow]
   878 | D        | Learned a level 2 spell: Slow
   881 | D        | Gained mutation: You are very dopey. (Int -4) [mutagenic
                  | glow]
   902 | D        | Found Bumacvi's General Store.
   922 | D        | Noticed a deep troll
   948 | D        | Killed a deep troll
   948 | D        | Reached XP level 9. HP: 14/62 MP: 0/23
   992 | D        | Found Siyd's Armour Emporium.
  1202 | D        | Noticed a centaur warrior
  1206 | D        | Noticed a centaur warrior
  1223 | D        | Killed a centaur warrior
  1223 | D        | Reached skill level 11 in Spellcasting
  1233 | D        | Killed a centaur warrior
  1233 | D        | Reached ** piety under Sif Muna
  1233 | D        | Reached skill level 1 in Polearms
  1233 | D        | Reached skill level 1 in Throwing
  1455 | D        | Noticed a hornet
  1459 | D        | Killed a hornet
  1459 | D        | Reached skill level 10 in Stealth
  1470 | D        | Noticed an oklob plant
  3244 | D        | Noticed a shining eye
  3244 | D        | Noticed a shining eye
  3244 | D        | Noticed a shining eye
  3252 | D        | Bought a scroll of immolation for 42 gold pieces
  3264 | D        | Noticed a shining eye
  3269 | D        | Killed a shining eye
  3269 | D        | Reached skill level 1 in Hexes
  3269 | D        | Reached XP level 10. HP: 72/72 MP: 19/25
  3273 | D        | Killed a shining eye
  3273 | D        | Killed a shining eye
  3273 | D        | Reached *** piety under Sif Muna
  3273 | D        | Reached skill level 12 in Spellcasting
  3276 | D        | Noticed a shining eye
  3280 | D        | Noticed a shining eye
  3291 | D        | Killed a shining eye
  3293 | D        | Paralysed by a floating eye for 2 turns
  3296 | D        | Reached **** piety under Sif Muna
  3310 | D        | Killed a shining eye
  3315 | D        | Noticed a shining eye
  3315 | D        | Noticed a shining eye
  3344 | D        | Killed a shining eye
  3355 | D        | Killed a shining eye
  3355 | D        | Reached skill level 10 in Conjurations
  3368 | D        | Killed a shining eye
  3389 | D        | Found Ekitat's Jewellery Shop.
  3389 | D        | Found Vozimasu's Jewellery Emporium.
  3389 | D        | Found Iwuss's Distillery.
  3390 | D        | Found Vyllunk's Book Shoppe.
  3396 | D        | Bought an uncursed amulet of reflection for 300 gold pieces
  3396 | D        | Bought an uncursed ring of poison resistance for 200 gold
                  | pieces
  3411 | D        | Bought an uncursed ring of wizardry for 300 gold pieces
  3414 | D        | Bought a potion of mutation for 96 gold pieces
  3416 | D        | Lost mutation: You are very dopey. (Int -4) [potion of
                  | mutation]
  3416 | D        | Lost mutation: You are dopey. (Int -2) [potion of mutation]
  3416 | D        | Gained mutation: You are partially covered in yellow
                  | scales. (AC +2) [potion of mutation]
  3416 | D        | Gained mutation: You are agile. (Dex +2) [potion of
                  | mutation]
  3416 | D        | Gained mutation: You are dopey. (Int -2) [potion of
                  | mutation]
  3416 | D        | Gained mutation: You are resistant to electric shocks.
                  | (rElec) [potion of mutation]
  3456 | D        | Noticed a kobold demonologist
  3457 | D        | Noticed a kobold demonologist
  3459 | D        | Reached ***** piety under Sif Muna
  3459 | D        | Identified Sif Muna's Almanac of Blows and Bruises and
                  | Weightlessness (Sif Muna gifted it to you in the Dungeon)
  3459 | D        | Received a gift from Sif Muna
  3470 | D        | Killed a kobold demonologist
  3489 | D        | Killed a kobold demonologist
  3532 | D        | Learned a level 4 spell: Airstrike
  3540 | D        | Learned a level 7 spell: Orb of Destruction
  4250 | D        | Learned a level 4 spell: Fulminant Prism
  4262 | D        | Killed an oklob plant
  4262 | D        | Reached skill level 13 in Spellcasting
  4262 | D        | Reached skill level 5 in Summonings
  4262 | D        | Reached XP level 11. HP: 80/80 MP: 12/28
  4431 | D        | Killed an unseen horror
  4445 | D        | Killed an unseen horror
  4447 | D        | Identified Sif Muna's Almanac of Arcane Weapons (Sif Muna
                  | gifted it to you in the Dungeon)
  4447 | D        | Received a gift from Sif Muna
  4456 | D        | Learned a level 5 spell: Fireball
  4639 | D        | Found Cagoppes's Distillery.
  4639 | D        | Found Fuvoguy's Magic Scroll Emporium.
  4710 | D        | Identified Sif Muna's Compendium of Flamy Moulding (Sif
                  | Muna gifted it to you in the Dungeon)
  4710 | D        | Received a gift from Sif Muna
  4714 | D        | Found Duschonn's Assorted Antiques.
  4715 | D        | Found Uzxiapt's Weapon Shop.
  4759 | D        | Found Cikaugab's Jewellery Emporium.
  4760 | D        | Found Adoa's Weapon Boutique.
  4781 | D        | Found Osir's Jewellery Emporium.
  4781 | D        | Found Dorixuol's Book Shop.
  4781 | D        | Found Wugujuh's Antique Weapon Shoppe.
  4781 | D        | Found Iczidyna's General Store.
  4781 | D        | Found Inatuater's Book Emporium.
  4781 | D        | Found Qagupt's Weapon Shop.
  4781 | D        | Found Sauchad's Magic Scroll Shoppe.
  4785 | D        | Found Amneih's Armour Boutique.
  4806 | D        | Bought an uncursed ring of fire for 250 gold pieces
  4810 | D        | Bought a scroll of blinking for 75 gold pieces
  4869 | D        | Learned a level 5 spell: Lightning Bolt
  4902 | D        | Reached skill level 10 in Fire Magic
  5261 | D        | Reached skill level 10 in Fighting
  5261 | D        | Reached skill level 14 in Spellcasting
  5425 | D        | Noticed a lindwurm
  5427 | D        | Killed a lindwurm
  5427 | D        | Identified Sif Muna's Almanac of Black Arts and Fire (Sif
                  | Muna gifted it to you in the Dungeon)
  5427 | D        | Received a gift from Sif Muna
  5634 | D        | Bought an uncursed ring of see invisible for 150 gold
                  | pieces
  5749 | D        | Identified Sif Muna's Tome of Dark Rituals (Sif Muna gifted
                  | it to you in the Dungeon)
  5749 | D        | Received a gift from Sif Muna
  5752 | D        | Reached skill level 15 in Spellcasting
  5926 | D        | Noticed a 12-headed hydra
  5933 | D        | Killed a 12-headed hydra
  6019 | D        | Noticed a daeva
  6304 | D        | Killed a daeva
  6304 | D        | Identified Asmodeus's Collected Works on Heat and Summoning
                  | (Sif Muna gifted it to you in the Dungeon)
  6304 | D        | Received a gift from Sif Muna
  6304 | D        | Reached skill level 16 in Spellcasting
  6304 | D        | Reached XP level 12. HP: 55/89 MP: 22/32
  6623 | D        | Bought an uncursed ring of protection from cold for 250
                  | gold pieces
  6670 | D        | Noticed a lorocyproca
  6681 | D        | Killed a lorocyproca
  6879 | D        | Learned a level 7 spell: Spellforged Servitor
  6887 | D        | Noticed a deep elf annihilator
  6890 | D        | Killed a deep elf annihilator
  6893 | D        | Reached ****** piety under Sif Muna
  7029 | D        | Learned a level 3 spell: Summon Guardian Golem
  7043 | D        | Noticed a mummy priest
  7275 | D        | Noticed the 27-headed Lernaean hydra
  7286 | D        | Killed the 27-headed Lernaean hydra
  7286 | D        | Identified Sif Muna's Handbook of Cloudy Execration (Sif
                  | Muna gifted it to you in the Dungeon)
  7286 | D        | Received a gift from Sif Muna
  7286 | D        | Reached skill level 17 in Spellcasting
  7286 | D        | Reached skill level 5 in Translocations
  7475 | D        | Reached skill level 18 in Spellcasting
  7481 | D        | Reached XP level 13. HP: 65/94 MP: 22/35
  7616 | D        | Noticed a fire giant
  7624 | D        | Noticed a fire giant
  7626 | D        | Killed a fire giant
  7628 | D        | Noticed a fire giant
  7632 | D        | Killed a fire giant
  7632 | D        | Noticed a fire giant
  7639 | D        | Killed a fire giant
  7639 | D        | Identified Asmodeus's Volume of the Arsonist (Sif Muna
                  | gifted it to you in the Dungeon)
  7639 | D        | Received a gift from Sif Muna
  7652 | D        | Killed a fire giant
  7914 | D        | Identified the +4 dragonskin cloak
  7914 | D        | Noticed Tiamat
  8314 | D        | Killed a mummy priest
  8314 | D        | Reached skill level 19 in Spellcasting
  8435 | D        | Noticed Lom Lobon
  8566 | D        | Killed from afar by Lom Lobon

Illustrated notes

Levels and vault maps discovered:
D:        dungeon_sprint_1 [red_sonja_temple_1, red_sonja_temple_small_1]

Skill      XL: |  1  2  3  4  5  6  7  8  9 10 11 12 13 |
---------------+----------------------------------------+-----
Dodging        | 3 4 5 6 |  6.5
Stealth        | 3 5 6 7 8 9 10 | 10.7
Spellcasting   | 5 7 8 9 10 11 13 16 18 19 | 19.0
Short Blades   | 1 2 3 4 |  4.3
Fighting       | 2 4 5 6 7 9 10 | 10.9
Conjurations   | 2 3 5 7 9 10 11 13 | 13.9
Fire Magic     | 2 3 5 6 7 9 10 11 12 | 12.3
Air Magic      | 2 4 |  4.0
Poison Magic   | 2 4 |  4.8
Summonings     | 2 3 5 7 8 |  8.0
Translocations | 2 3 5 |  5.5
Polearms       | 1 2 3 4 |  4.4
Throwing       | 1 2 |  2.1
Hexes          | 1 4 |  4.7

Action                   |  1- 3 |  4- 6 |  7- 9 | 10-12 | 13-15 || total
-------------------------+-------+-------+-------+-------+-------++-------
Melee: Dagger            |    13 |    15 |     2 |       |       ||    30
       Tentacles         |     2 |     3 |     2 |    13 |       ||    20
       Constrict         |     1 |     1 |     1 |    14 |       ||    17
       Spear             |       |       |    32 |    71 |     2 ||   105
Throw: Dart              |       |       |     6 |       |     1 ||     7
 Cast: Magic Dart        |     5 |    12 |    12 |    20 |     4 ||    53
       Call Imp          |       |     3 |     5 |     8 |       ||    16
       Mephitic Cloud    |       |     2 |    11 |    13 |     2 ||    28
       Blink             |       |     1 |     2 |    24 |     2 ||    29
       Conjure Flame     |       |     1 |     1 |     4 |       ||     6
       Slow              |       |       |    29 |       |       ||    29
       Airstrike         |       |       |       |    61 |    24 ||    85
       Fulminant Prism   |       |       |       |     6 |       ||     6
       Orb of Destructio |       |       |       |    20 |     9 ||    29
       Fireball          |       |       |       |     5 |     3 ||     8
       Lightning Bolt    |       |       |       |     4 |       ||     4
       Spellforged Servi |       |       |       |     1 |     4 ||     5
       Summon Guardian G |       |       |       |     1 |       ||     1
Invok: Forget Spell      |       |       |       |     1 |       ||     1
Evoke: Wand              |       |       |     1 |       |       ||     1
  Use: Potion            |     1 |       |     2 |     5 |     1 ||     9
       Scroll            |     1 |       |     1 |     2 |       ||     4
 Stab: Sleeping          |     1 |     1 |       |       |       ||     2
       Confused          |       |     2 |     5 |     2 |       ||     9
       Distracted        |       |       |     2 |     2 |     1 ||     5
Armor: Skin              |       |       |       |     4 |       ||     4
Dodge: Dodged            |    11 |     3 |     7 |    29 |     4 ||    54
Block: Other             |       |       |       |    10 |       ||    10

Table legend: (Time is in decaauts)
 A = Elapsed time spent in this place.
 B = Non-inter-level travel time spent in this place.
 C = Inter-level travel time spent in this place.
 D = Time resting spent in this place.
 E = Time spent auto-exploring this place.
 F = Levels seen in this place.
 G = Mean time per level.
                   A        B        C        D        E       F      G
               +--------+--------+--------+--------+--------+-----+--------+
         Total |   8549 |   8468 |     81 |   6112 |      0 |   1 | 8549.0 |
       Dungeon |   8549 |   8468 |     81 |   6112 |      0 |   1 | 8549.0 |
               +--------+--------+--------+--------+--------+-----+--------+

Top non-repeatable levels by time:
       D: 8549 daAuts
